 Dungeon Crawl Stone Soup version 0.30-a0-778-g2ef04afb54 (webtiles) character file.

Game seed: 13151389779585785134

26555 bmack86 the Cleaver (level 12, 0/108 HPs)
             Began as a Minotaur Fighter on Feb 17, 2023.
             Was a High Priest of Okawaru.
             Shot with an arrow by Nessos (1 damage)
             ... on level 3 of the Lair of Beasts.
             The game lasted 00:39:16 (13982 turns).

bmack86 the Cleaver (Minotaur Fighter)             Turns: 13982, Time: 00:39:16

Health: 0/108      AC: 29    Str: 25    XL:     12   Next: 99%
Magic:  17/17      EV: 23    Int:  5    God:    Okawaru [*****.]
Gold:   1043       SH: 13    Dex: 11    Spells: 11/11 levels left

rFire   + . .      SeeInvis .    a - +2 war axe (flame)
rCold   . . .      Faith    .    M - +0 kite shield
rNeg    . . .      Spirit   .    I - +0 plate armour
rPois   .          Reflect  .    E - +1 hat "Ragujy Itopt" {-Cast rElec rCorr}
rElec   +          Harm     .    p - +2 cloak
rCorr   +          Rampage  +    h - +2 pair of gloves
Will    +....      NoCast   +    B - +2 pair of boots {rampage} Stlth
                                 P - amulet of the acrobat
HPRegen 0.38/turn                c - ring of willpower
MPRegen 0.15/turn                s - ring of protection from fire

@: lethally poisoned (0 -> -19), heroic, acrobatic
A: horns 2, retaliatory headbutt
a: Renounce Religion, Heroism, Finesse, Duel


You were on level 3 of the Lair of Beasts.
You worshipped Okawaru.
Okawaru was extremely pleased with you.
You visited 4 branches of the dungeon, and saw 16 of its levels.
You also visited: Sewer.

You collected 1079 gold pieces.
You spent 36 gold pieces at shops.

Inventory:

Hand Weapons
 a - a +2 war axe of flaming (weapon)
 K - a +2 heavy war axe
Missiles
 b - 2 javelins
 k - 12 boomerangs (quivered)
 l - 53 poisoned darts
 m - 5 curare-tipped darts
 x - 4 datura-tipped darts
 O - a throwing net
Armour
 h - a +2 pair of gloves (worn)
 p - a +2 cloak (worn)
 B - a +2 pair of boots of rampaging (worn)
 E - the +1 hat "Ragujy Itopt" (worn) {-Cast rElec rCorr}
   (Okawaru gifted it to you on level 2 of the Lair of Beasts)

   rElec:     It insulates you from electricity.
   -Cast:     It prevents spellcasting.
   rCorr:     It protects you from acid and corrosion.
 I - a +0 plate armour (worn)
 M - a +0 kite shield (worn)
Jewellery
 c - a ring of willpower (left hand)
 j - a +5 ring of evasion
 s - a ring of protection from fire (right hand)
 w - the ring of Maof {Wiz rPois rN+ Int+3 Dex-5}
   (You found it on level 7 of the Dungeon)

   [ring of wizardry]

   It improves your spell success rate.
   Int:       It affects your intelligence (+3).
   Dex:       It affects your dexterity (-5).
   rPois:     It protects you from poison.
   rN:        It protects you from negative energy.
 G - a ring of willpower
 P - an amulet of the acrobat (around neck)
Wands
 z - a wand of flame (19)
 A - a wand of mindburst (17)
 H - a wand of roots (6)
 N - a wand of polymorph (5)
Scrolls
 i - 2 scrolls of blinking
 t - a scroll of enchant armour
 v - 6 scrolls of teleportation
 y - 2 scrolls of fear
 D - 2 scrolls of brand weapon
 L - a scroll of silence
Potions
 d - 2 potions of might
 e - a potion of ambrosia
 f - 4 potions of magic
 g - 8 potions of heal wounds
 n - 13 potions of curing
 o - a potion of invisibility
 q - 3 potions of resistance
 r - 4 potions of haste
 u - 2 potions of cancellation
 C - 2 potions of brilliance


   Skills:
 + Level 10.9(15.9) Fighting
 * Level 14.4(19.4) Axes
 + Level 8.4(13.4) Throwing
 + Level 10.8(15.8) Armour
 + Level 10.7(15.7) Shields
 + Level 8.1 Invocations


You had 11 spell levels left.
You didn't know any spells.
Your spell library contained the following spells:

 Spells                   Type           Power      Damage    Failure   Level
 Sandblast                Erth           0%         2d4       99%         1
 Passwall                 Tmut/Erth      0%         N/A       100%        2
 Scorch                   Fire           0%         2d5       100%        2
 Portal Projectile        Hex/Tloc       0%         N/A       100%        3
 Stone Arrow              Conj/Erth      0%         3d7       100%        3
 Flame Wave               Conj/Fire      0%         2d4       100%        4
 Leda's Liquefaction      Hex/Erth       0%         N/A       100%        4
 Blade Hands              Tmut           0%         N/A       100%        5
 Lee's Rapid Deconstruct  Erth           0%         3d4*      100%        5
 Statue Form              Tmut/Erth      0%         N/A       100%        6
 Lehudib's Crystal Spear  Conj/Erth      0%         10d2      100%        8
 Tukima's Dance           Hex            Unusable   N/A       N/A         3
 Animate Armour           Summ/Erth      Unusable   N/A       N/A         4
 Summon Cactus Giant      Summ           Unusable   N/A       N/A         6

Dungeon Overview and Level Annotations

Branches:
Dungeon (11/15)            Temple (1/1) D:4            Lair (3/5) D:11
 Shoals (0/4) Lair:2        Snake (1/4) Lair:3          Orc (0/2) D:10
  Sewer (visited)

Altars:
Gozag
Hepliaklqana
Kikubaaqudgha
Makhleb
Okawaru
Qazlal
Ru
Uskayaw
Wu Jian
Yredelemnul
Zin
The Shining One

Shops:
D:2 (   D:8 [

Portals:
Trove: D:11 (give 17 potions of curing)

Annotations:
D:9 1 runed translucent door
Lair:3 Nessos


Innate Abilities, Weirdness & Mutations

You have a pair of horns on your head.
You reflexively headbutt those who attack you in melee.


Message History

Nessos intently looks at you, slowly moving their tail.
Nessos wields a +2 longbow of flaming.
It bursts into flame!
Nessos shoots an arrow.
The arrow hits you but does no damage.
Nessos shoots an arrow.
The arrow misses you.
The black mamba bites you but does no damage.
You feel sick.
Nessos unwields a +2 longbow of flaming.
It stops flaming.
You block Nessos's attack. Nessos misses you.
You block the black mamba's attack. Nessos hits you but does no damage.
Nessos misses you. You block the black mamba's attack.
You feel sick.
Nessos intently looks at you, slowly moving their tail.
Nessos misses you. You block Nessos's attack.
Nessos mumbles some strange words.
Nessos blinks!
You block the black mamba's attack.
You feel sick.
Nessos wields a +2 longbow of flaming.
It bursts into flame!
Nessos shoots an arrow.
The arrow hits you!
* * * LOW HITPOINT WARNING * * *
You are more poisoned.
You block the black mamba's attack. x2; Nessos shoots an arrow.
The arrow hits you but does no damage.
The black mamba attacks as you move away!
The black mamba misses you. You furiously retaliate!
You headbutt the black mamba!
You kill the black mamba!
Okawaru accepts your kill.
You feel sick.
Nessos shoots an arrow.
The arrow hits you!
* * * LOW HITPOINT WARNING * * *
The arrow burns you.
You are lethally poisoned!
* * * LOW HITPOINT WARNING * * *
You hear a bellow!
* * * LOW HITPOINT WARNING * * *
You feel very sick.
Nessos intently looks at you, slowly moving their tail.
Nessos shoots an arrow.
The arrow completely misses you.
Nessos shoots an arrow.
The arrow hits you!
* * * LOW HITPOINT WARNING * * *
The arrow burns you.
You die...

****,$.#* ##.^..####.
*######.#* ###....## *#
##≈≈≈≈##.## ##....#..# *
#≈≈≈.≈###.###
##....#####
≈≈..§≈..#...# ###.....#
§≈.>....)...## #.....###
≈≈..§...##...#####.....#
#≈≈..≈####...c......####
##≈§≈## ###...#@..##
##### ##..†..## #.#....#
#.†....## *#.......#*
*#....#....#**
***#....###.....**
***,#.....# *##....***
*,*#...P### *#[..,,*


You could see Nessos (fast).

Vanquished Creatures
  A vault guard (D:11)
  A hydra (Lair:2)
  Erica (Lair:2)
  A boulder beetle (Lair:1)
  The ghost of Pooter the Cleaver, a novice MiBe of Trog (D:7)
  A skyshark (Lair:1)
  A harpy (shapeshifter) (D:8)
  A salamander (Lair:3)
  2 cyclopes (D:11)
  A manticore (D:8)
  A water nymph (Lair:2)
  Joseph (D:7)
  A gargoyle (D:10)
  2 black mambas
  5 cane toads
  Maggie (D:9)
  2 komodo dragons
  4 trolls
  A hornet (D:11)
  Prince Ribbit (D:6)
  A polar bear (Lair:2)
  17 blink frogs
  A shadow (D:10)
  3 wraiths
  2 vampires
  22 yaks
  5 wyverns
  2 basilisks
  Grum (D:9)
  A steam dragon (D:7)
  A vampire mosquito (D:8)
  4 wargs (D:10)
  An acid dragon (D:10)
  6 water moccasins (Lair:1)
  Duvessa (D:7)
  An ice beast (D:6)
  An orc warrior (D:11)
  A sky beast (D:6)
  A black bear (D:6)
  Pargi (Sewer)
  11 wolves
  3 ogres
  8 centaurs
  7 kobold brigands
  2 necrophages (D:4)
  8 bullfrogs
  A gnoll sergeant (D:8)
  4 scorpions
  16 wights
  Dowan (D:7)
  10 killer bees
  2 howler monkeys (D:8)
  An electric eel (Lair:2)
  2 lava snakes (Lair:3)
  4 hounds
  4 orc priests
  A jelly (D:5)
  Terence (D:3)
  Natasha (twice) (D:2)
  4 iguanas
  9 orc wizards
  Robin (D:2)
  8 adders
  7 gnolls
  A river rat (D:4)
  A shadow imp (D:8)
  2 white imps
  2 ufetubi (D:4)
  A worm (D:4)
  5 dart slugs
  32 orcs
  17 ball pythons
  4 bats
  5 endoplasms
  6 giant cockroaches
  15 goblins
  9 hobgoblins
  4 jackals (D:3)
  9 quokkas
  6 frilled lizards
  A goblin zombie (D:9)
  9 kobolds
  A kobold zombie (D:9)
  11 rats
361 creatures vanquished.

Vanquished Creatures (others)
  A sky beast (D:8)
  A lava snake (Lair:3)
  4 fungi
  19 plants
25 creatures vanquished.

Grand Total: 386 creatures vanquished

Notes
Turn   | Place    | Note
-------+----------+-------------------------------------------
     0 | D:1      | bmack86 the Minotaur Fighter began the quest for the Orb.
     0 | D:1      | Reached XP level 1. HP: 19/19 MP: 0/0
    97 | D:1      | Reached XP level 2. HP: 26/27 MP: 1/1
   231 | D:1      | Reached skill level 3 in Axes
   593 | D:1      | Reached XP level 3. HP: 33/33 MP: 2/2
   757 | D:2      | Identified the +0 leather armour of Ilepibb {Will+ Str+4
                  | Dex-3}
   776 | D:2      | Noticed Robin
   800 | D:2      | Killed Robin
   996 | D:2      | Reached skill level 1 in Throwing
   996 | D:2      | Reached XP level 4. HP: 40/40 MP: 3/3
  1131 | D:2      | Reached skill level 4 in Axes
  1333 | D:2      | Noticed Natasha
  1341 | D:2      | Killed Natasha
  1342 | D:2      | Reached XP level 5. HP: 47/47 MP: 4/4
  1386 | D:2      | Found Beyjaskuaku's Weapon Boutique.
  1403 | D:2      | Bought 4 datura-tipped darts for 36 gold pieces
  1516 | D:2      | Noticed Natasha
  1521 | D:2      | Killed Natasha
  1900 | D:3      | Noticed Terence
  1910 | D:3      | Killed Terence
  2138 | D:3      | Reached skill level 5 in Axes
  2138 | D:3      | Reached XP level 6. HP: 39/53 MP: 5/5
  2784 | D:4      | Found a staircase to the Ecumenical Temple.
  2796 | Temple   | Entered the Ecumenical Temple
  2802 | Temple   | Became a worshipper of Warmaster Okawaru
  3071 | D:4      | Reached skill level 5 in Armour
  3093 | D:4      | Found a glowing golden altar of the Shining One.
  3121 | D:4      | Found a glowing drain.
  3126 | D:4      | Reached skill level 5 in Fighting
  3150 | Sewer    | Entered a sewer
  3224 | Sewer    | Noticed Pargi
  3236 | Sewer    | Killed Pargi
  3237 | Sewer    | Reached skill level 5 in Shields
  3237 | Sewer    | Reached skill level 1 in Invocations
  3237 | Sewer    | Reached XP level 7. HP: 51/61 MP: 6/6
  3387 | D:4      | Reached skill level 6 in Axes
  3396 | D:4      | Reached * piety under Okawaru
  3644 | D:5      | Entered Level 5 of the Dungeon
  3881 | D:5      | Reached XP level 8. HP: 67/69 MP: 8/8
  4093 | D:5      | Found a burning altar of Makhleb.
  4302 | D:5      | Reached skill level 7 in Axes
  4816 | D:6      | Reached ** piety under Okawaru
  4840 | D:6      | Found an opulent altar of Gozag.
  4857 | D:6      | Noticed Prince Ribbit
  4871 | D:6      | Killed Prince Ribbit
  4872 | D:6      | Reached skill level 8 in Axes
  5025 | D:6      | Reached XP level 9. HP: 69/78 MP: 10/10
  5032 | D:6      | Reached *** piety under Okawaru
  5453 | D:7      | Found an ancient bone altar of Kikubaaqudgha.
  5505 | D:7      | Identified the ring of Maof {Wiz rPois rN+ Int+3 Dex-5}
  5526 | D:7      | Found a transporter.
  5528 | D:7      | Noticed Pooter's ghost (novice MiBe)
  5529 | D:7      | Found a transporter.
  5591 | D:7      | Reached skill level 9 in Axes
  5833 | D:7      | Noticed Joseph
  5843 | D:7      | Killed Joseph
  5907 | D:7      | Noticed Duvessa
  5908 | D:7      | Noticed Dowan
  5914 | D:7      | Killed Duvessa
  5922 | D:7      | Killed Dowan
  5923 | D:7      | Reached skill level 5 in Throwing
  6483 | D:7      | Reached **** piety under Okawaru
  6497 | D:7      | Killed Pooter's ghost
  6498 | D:7      | Reached skill level 10 in Axes
  6498 | D:7      | Reached XP level 10. HP: 41/88 MP: 12/12
  6587 | D:8      | Noticed a tengu warrior
  6587 | D:8      | Noticed a boulder beetle
  6738 | D:8      | Reached skill level 5 in Invocations
  6752 | D:8      | Noticed a manticore
  6764 | D:8      | Killed a manticore
  6767 | D:8      | Reached ***** piety under Okawaru
  6789 | D:8      | Noticed a harpy
  6802 | D:8      | Killed a harpy
  6802 | D:8      | Received a gift from Okawaru
  7032 | D:8      | Found a sacrificial altar of Ru.
  7101 | D:8      | Reached skill level 11 in Axes
  7230 | D:8      | Found Eppaus's Antique Armour Shoppe.
  7594 | D:8      | Received a gift from Okawaru
  7925 | D:9      | Reached XP level 11. HP: 64/95 MP: 12/14
  8106 | D:9      | Noticed Maggie
  8120 | D:9      | Killed Maggie
  8224 | D:9      | Noticed Grum
  8231 | D:9      | Received a gift from Okawaru
  8236 | D:9      | Killed Grum
  8330 | D:9      | Found a runed translucent door.
  8344 | D:9      | Found a basalt altar of Yredelemnul.
  8601 | D:10     | Entered Level 10 of the Dungeon
  9345 | D:10     | Reached skill level 12 in Axes
  9533 | D:10     | Found a staircase to the Orcish Mines.
  9688 | D:10     | Found a glowing silver altar of Zin.
  9691 | D:10     | Found a hazy altar of Hepliaklqana.
 10017 | D:11     | Found a staircase to the Lair.
 10555 | D:11     | Noticed a vault guard
 10575 | D:11     | Killed a vault guard
 10575 | D:11     | Identified the +1 robe "Valuonaf" {Rampage Int+2} (Okawaru
                  | gifted it to you on level 11 of the Dungeon)
 10575 | D:11     | Received a gift from Okawaru
 10581 | D:11     | Found a portal to a secret trove of treasure.
 10798 | D:11     | Paralysed by a hornet for 1 turns
 11432 | Lair:1   | Entered Level 1 of the Lair of Beasts
 11449 | Lair:1   | Reached XP level 12. HP: 106/106 MP: 16/16
 11479 | Lair:1   | Reached skill level 13 in Axes
 11513 | Lair:1   | Found a transporter.
 11518 | Lair:1   | Reached skill level 10 in Fighting
 11528 | Lair:1   | Found a transporter.
 11530 | Lair:1   | Noticed a boulder beetle
 11564 | Lair:1   | Killed a boulder beetle
 11737 | Lair:1   | Reached skill level 10 in Armour
 11796 | Lair:1   | Reached skill level 10 in Shields
 12583 | Lair:2   | Noticed a seven-headed hydra
 12592 | Lair:2   | Killed a two-headed hydra
 12592 | Lair:2   | Identified the +1 hat "Ragujy Itopt" {-Cast rElec rCorr}
                  | (Okawaru gifted it to you on level 2 of the Lair of Beasts)
 12592 | Lair:2   | Received a gift from Okawaru
 13136 | Lair:2   | Reached skill level 14 in Axes
 13277 | Lair:2   | Noticed Erica
 13298 | Lair:2   | Killed Erica
 13881 | Lair:3   | Found a staircase to the Snake Pit.
 13919 | Snake:1  | Entered Level 1 of the Snake Pit
 13965 | Lair:3   | Noticed Nessos
 13982 | Lair:3   | HP: 1/108 [Nessos/arrow (10)]
 13982 | Lair:3   | Shot with an arrow by Nessos

Illustrated notes

Levels and vault maps discovered:
D:1:      spicycebolla_arrival_clurvy, layout_loops_cross, minmay_ruptured
D:2:      layout_loops_ring, serial_shops, nicolae_diamond_shop, uniq_robin,
          uniq_natasha
D:3:      cheibrodos_helix_gallery, layout_basic, grunt_ministairs_8,
          uniq_terence
D:4:      minmay_bubble_buster, layout_rooms, nicolae_tso_carved_into_rock,
          minmay_temple_entry_sparse_star, portal_sewer_entry_b
D:5:      layout_layer_cave, bloody_makhleb
D:6:      layout_cave_pools, mainiacjoe_overflow_boulevard, uniq_prince_ribbit1
D:7:      layout_loops_ring, kennysheep_little_box, gammafunk_ghost_arena,
          minmay_misc_feat_enclosed, columned_hall_lemuel, st_stairs_13,
          uniq_duvessa, uniq_joseph
D:8:      minmay_bloctagon, layout_basic, nicolae_ru_awakened_eye, serial_shops,
          nicolae_square_shop, onia_ninara_dug_in_and_dangerous
D:9:      layout_rooms, dk_yredelemnul_ordeal, uniq_maggie, uniq_grum
D:10:     layout_gridville, minitemple, minmay_orc_entry_guard_dogs
D:11:     layout_stronghold, dpeg_oklobed_lair, enter_trove_5
Temple:   zaba_magenta_temple
Lair:1:   gammafunk_boulding_lane, layout_chaotic_city
Lair:2:   layout_regular_city, nicolae_shoals_entry_flooding, lemuel_fruit_tree,
          grunt_megastairs_4, serial_bayou_shore_b, infiniplex_staircase_pool,
          uniq_erica
Lair:3:   layout_hall_layers, nicolae_snake_entry_warm_welcome, enter_volcano_1,
          chequers_serial_rivers_micro_c, nicolae_lair_lakeside_cave,
          uniq_nessos, uniq_kirke
Snake:1:  layout_misc_corridors

Skill      XL: |  1  2  3  4  5  6  7  8  9 10 11 12 |
---------------+-------------------------------------+-----
Axes           | 3 4 5 6 8 10 11 12 14 | 14.4
Fighting       | 4 5 6 7 8 9 10 | 10.9
Shields        | 4 5 6 7 8 9 10 | 10.7
Armour         | 4 5 6 7 8 9 10 | 10.8
Throwing       | 1 2 3 4 5 6 7 8 |  8.4
Invocations    | 1 2 3 4 5 7 8 |  8.1

Action                     |  1- 3 |  4- 6 |  7- 9 | 10-12 || total
---------------------------+-------+-------+-------+-------++-------
  Melee: War axe           |    78 |   165 |   192 |   561 ||   996
         Headbutt          |     6 |    30 |    33 |   116 ||   185
  Throw: Boomerang         |       |     1 |    23 |     4 ||    28
 Invoke: Heroism           |       |       |     1 |     5 ||     6
    Use: Scroll            |     3 |    12 |     5 |    11 ||    31
 Armour: Scale mail        |    56 |    24 |       |       ||    80
         Chain mail        |       |   139 |   134 |   163 ||   436
         Plate armour      |       |       |       |   143 ||   143
  Dodge: Dodged            |    54 |    82 |   125 |   319 ||   580
  Block: Buckler           |    15 |    58 |    54 |    41 ||   168
         Kite shield       |       |       |       |   274 ||   274

Table legend: (Time is in decaauts)
 A = Elapsed time spent in this place.
 B = Non-inter-level travel time spent in this place.
 C = Inter-level travel time spent in this place.
 D = Time resting spent in this place.
 E = Time spent auto-exploring this place.
 F = Levels seen in this place.
 G = Mean time per level.
                   A        B        C        D        E       F      G
               +--------+--------+--------+--------+--------+-----+--------+
         Total |  14103 |  13684 |    419 |    158 |   9387 |  17 |  829.6 |
       Dungeon |  11399 |  11003 |    396 |    129 |   7649 |  11 | 1036.3 |
        Temple |     12 |     12 |      0 |      0 |      0 |   1 |   12.0 |
          Lair |   2532 |   2509 |     23 |     29 |   1737 |   3 |  844.0 |
     Snake Pit |      1 |      1 |      0 |      0 |      0 |   1 |    1.0 |
         Sewer |    157 |    157 |      0 |      0 |      1 |   1 |  157.0 |
               +--------+--------+--------+--------+--------+-----+--------+

Top non-repeatable levels by time:
    D:11: 1559 daAuts
     D:8: 1326 daAuts
  Lair:2: 1285 daAuts
    D:10: 1280 daAuts
     D:7: 1205 daAuts
     D:5: 1117 daAuts
     D:2: 1114 daAuts
  Lair:1: 1066 daAuts
     D:3: 943 daAuts
     D:1: 766 daAuts
     D:4: 764 daAuts
     D:9: 716 daAuts
     D:6: 605 daAuts
  Lair:3: 180 daAuts
   Sewer: 157 daAuts
